 Dungeon Crawl Stone Soup version 0.31-a0-365-gcf821cafb2 (webtiles) character file.

Game seed: 16568306038124622342

90 spiderkeys the Chucker (level 4, 0/30 HPs)
             Began as an Octopode Wanderer on July 27, 2023.
             Slain by a jelly (1 damage)
             ... on level 2 of the Dungeon.
             The game lasted 00:02:39 (1824 turns).

spiderkeys the Chucker (Octopode Wanderer)          Turns: 1824, Time: 00:02:39

Health: 0/30       AC:  1    Str: 18    XL:     4   Next: 56%
Magic:  4/4        EV: 13    Int: 13    God:
Gold:   73         SH:  4    Dex: 13    Spells: 3/3 levels left

rFire   . . .        c - +0 hand axe
rCold   . . .        d - +0 buckler
rNeg    . . .        (helmet restricted)
rPois   .            (no amulet)
rElec   .            S - +6 ring of strength
rCorr   .            (no ring)
SInv    .            (no ring)
Will    .....        (no ring)
Stlth   +++          (no ring)
HPRegen 0.25/turn    (no ring)
MPRegen 0.09/turn    (no ring)
                     (no ring)

%: no passive effects
@: no status effects
A: almost no armour, amphibious, 8 rings, camouflage 1, gelatinous body 1,
(nimble swimmer 1), tentacles
a: no special abilities


You were on level 2 of the Dungeon.
You visited 1 branch of the dungeon, and saw 2 of its levels.

You collected 73 gold pieces.


Innate Abilities, Weirdness & Mutations

You cannot wear most types of armour.
You are amphibious.
You can wear up to eight rings at the same time.
Your skin changes colour to match your surroundings (Stealth+).
Your rubbery body absorbs attacks. (AC +1, EV +1)
((You are camouflaged when in or above water. (Stealth+)))
You have tentacles for arms and can constrict up to eight enemies at once.


   Skills:
 + Level 2.8 Fighting
 + Level 2.1 Axes
 - Level 3.0 Throwing
 + Level 2.2 Dodging
 - Level 1.3 Stealth
 + Level 2.2 Shields
 - Level 1.1 Evocations


You had 3 spell levels left.
You didn't know any spells.
Your spell library contained the following spells:

 Spells                   Type           Power      Damage    Failure   Level
 Ensorcelled Hibernation  Hex/Ice        0%         N/A       52%         2
 Anguish                  Hex/Necr       0%         N/A       98%         4

Inventory:

Hand Weapons
 a - a +2 dagger
 c - a +0 hand axe (weapon)
 h - a +1 hammer of holy wrath
   (You found it on level 2 of the Dungeon)
Missiles
 b - 2 curare-tipped darts (quivered) {=f}
 f - 11 stones
Armour
 d - a +0 buckler (worn)
Jewellery
 S - a +6 ring of strength (left tentacle)
   (You found it on level 2 of the Dungeon)
Scrolls
 e - 2 scrolls of teleportation {@r4}
 i - a scroll of revelation
 k - a scroll of identify {@r1}
 l - a scroll of fear {unknown}
Potions
 g - a potion of degeneration {unknown}
 j - a potion of brilliance {unknown}

Dungeon Overview and Level Annotations

Branches:
Dungeon (2/15) Zot: 10154

Altars:

######.###..# ##. # #.#
#..##.P #######.. # #.#
#.###.. #........ #
#.###.###.P #######..
#......##.. ###
######.###.รท #......#
#.. #.###### #J#######
#.# #@)....## #.#
########.# ####### #.#
#....'..## #......
#####.# ####....####
#.#####
#.....######.##.......#
#.#
......#......##.......#
#.#
......#.#######.......#
#.# )...#.#.# #.......#
#โ€ # # #####.#.#
##.))).######.#####


You could see a jelly.


Message History

You hit the kobold. You hit the kobold but do no damage.
The kobold hits you but does no damage. You block the kobold's attack. x2
The kobold barely misses you.
You closely miss the kobold. Your grab misses the kobold.
You barely miss the kobold.
The kobold hits you with a +2 dagger of speed.
* * * LOW HITPOINT WARNING * * *
The kobold completely misses you.
The kobold closely misses you. ๐Ÿ˜จ HP[-2]
You take 2 damage, and now have 15/30 hp.
You barely miss the kobold. You grab the kobold. You closely miss the kobold.
You constrict the kobold. The kobold closely misses you.
The kobold hits you with a +0 club.
* * * LOW HITPOINT WARNING * * *
๐Ÿ˜จ HP[-3]
You take 3 damage, and now have 12/30 hp.
Unknown command.
You slash the kobold!
You kill the kobold!
You hit the kobold.
You kill the kobold!
Things that are here:
a +0 club; a kobold corpse Key pressed, stopping explore.
f - 6 stones (gained 2)
You see here a +0 club.
f - 8 stones (gained 2)
Items here: )) โ€ โ€ .
f - 11 stones (gained 3)
Things that are here:
a +2 dagger of speed; a +0 dagger ๐Ÿ˜Ž HP[+18]
Your hp is fully restored (30).
You pick up a book of Dreams and begin reading...
You add the spells Ensorcelled Hibernation and Anguish to your library.
As you open the door, it creaks loudly!
There is an open door here.
An endoplasm and a kobold come into view.
The endoplasm moves out of view.
A kobold is nearby!
The kobold shouts!
The kobold hits you with a +0 short sword. ๐Ÿ˜• HP[-2]
You take 2 damage, and now have 28/30 hp.
You hit the kobold. You grab the kobold.
You squeeze the kobold, but do no damage.
You constrict the kobold.
The kobold hits you with a +0 short sword.
The endoplasm quivers.
You slash the kobold!
You kill the kobold!
An endoplasm comes into view.
The endoplasm quivers.
You hit the endoplasm. You squeeze the endoplasm.
The endoplasm jiggles.
The endoplasm hits you but does no damage.
There are monsters nearby!
There are monsters nearby!
You hit the endoplasm but do no damage. You squeeze the endoplasm.
You kill the endoplasm! ๐Ÿ˜• HP[+1]
You slash the endoplasm!
You kill the endoplasm!
No target in view!
No target in view!
An endoplasm comes into view.
An endoplasm is nearby!
An endoplasm is nearby!
You see here a +0 short sword. ๐Ÿ˜Ž HP[+1]
Your hp is fully restored (30).
You hit the endoplasm. Your squeeze misses the endoplasm.
The endoplasm freezes you.
You are frozen.
The endoplasm closely misses you. ๐Ÿ˜• HP[-5]
You take 5 damage, and now have 25/30 hp.
You slash the endoplasm!
You kill the endoplasm!
No target in view!
A jelly comes into view. ๐Ÿ˜• HP[+1]
A jelly is nearby!
A jelly and an endoplasm come into view.
The jelly quivers.
The jelly hits you.
You are splashed with acid!
The jelly moves out of view. ๐Ÿ˜ฎ HP[-8]
You take 8 damage, and now have 18/30 hp.
MASSIVE DAMAGE!! (PAUSE)
You completely miss the jelly. You tentacle-slap the jelly.
You squeeze the jelly! The jelly hits you.
* * * LOW HITPOINT WARNING * * *
You are splashed with acid!
* * * LOW HITPOINT WARNING * * *
๐Ÿ˜ฑ HP[-14]
You take 14 damage, and now have 4/30 hp.
MASSIVE DAMAGE!! (PAUSE)
You hit the jelly.
Your tentacles burn!
* * * LOW HITPOINT WARNING * * *
The jelly hits you.
You die...

Skill      XL: |  1  2  3  4 |
---------------+-------------+-----
Dodging        | 2 |  2.2
Axes           | 2 |  2.1
Shields        | 2 |  2.2
Fighting       | |  2.8
Throwing       | |  3.0
Stealth        | |  1.3
Evocations     | |  1.1

Action                     |  1- 3 |  4- 6 || total
---------------------------+-------+-------++-------
  Melee: Hand axe          |    48 |    36 ||    84
         Constrict         |    14 |     8 ||    22
         Tentacles         |     9 |    11 ||    20
         Punch             |       |     1 ||     1
  Throw: Dart              |     1 |       ||     1
    Use: Scroll            |     2 |       ||     2
   Stab: Sleeping          |     3 |     1 ||     4
 Armour: Skin              |     4 |     5 ||     9
  Dodge: Dodged            |    27 |    21 ||    48
  Block: Buckler           |     7 |    13 ||    20

Levels and vault maps discovered:
D:1:      lightli_arrival_flooded_house, layout_loops_corners, serial_shops,
          shop, shapermc_ecumenical_altar_ellora, serial_forest,
          infiniplex_forest_lined_3, infiniplex_forest_zigzag_1,
          infiniplex_forest_end_double, infiniplex_forest_clump_cross,
          infiniplex_forest_end_double, infiniplex_forest_lined_room_2,
          infiniplex_forest_zigzag_1, infiniplex_forest_lined_1
D:2:      cheibrodos_fertilizer, layout_loops_ring, uniq_crazy_yiuf_cottage

Notes
Turn   | Place    | Note
-------+----------+-------------------------------------------
     0 | D:1      | spiderkeys the Octopode Wanderer began the quest for the
                  | Orb.
     0 | D:1      | spiderkeys set off with the following items: a +2 dagger, 3
                  | curare-tipped darts {=f}, a +0 hand axe, a +0 buckler, a
                  | scroll of teleportation {@r4}.
     0 | D:1      | Reached XP level 1. HP: 14/14 MP: 1/1
     0 | D:1      | magus.rc [v1.11.6]
   451 | D:1      | Reached XP level 2. HP: 14/19 MP: 2/2
   580 | D:1      | Found Rekoc's Distillery.
   704 | D:1      | Found a faded altar of an unknown god.
  1105 | D:2      | Found a runed translucent door.
  1106 | D:2      | Noticed Crazy Yiuf
  1111 | D:2      | Killed Crazy Yiuf
  1112 | D:2      | Reached XP level 3. HP: 25/25 MP: 3/3
  1259 | D:2      | Reached skill level 2 in Dodging
  1264 | D:2      | Reached XP level 4. HP: 30/30 MP: 4/4
  1400 | D:2      | Reached skill level 2 in Axes
  1400 | D:2      | Reached skill level 2 in Shields
  1796 | D:2      | You add the spells Ensorcelled Hibernation and Anguish to
                  | your library.
  1823 | D:2      | HP: 4/30 [acid (11)]
  1824 | D:2      | HP: 1/30 [acid (3)]
  1824 | D:2      | Slain by a jelly

Vanquished Creatures
  Crazy Yiuf (D:2)
  An adder (D:2)
  2 dart slugs
  3 bats
  6 endoplasms
  2 giant cockroaches
  5 goblins
  2 hobgoblins
  3 jackals (D:2)
  4 quokkas
  2 ball pythons (D:2)
  2 frilled lizards (D:1)
  10 kobolds
  3 rats
46 creatures vanquished.

Table legend:
 A = Non-vault XP
 B = Vault XP
 C = Vault XP percentage of total XP
 D = Non-vault monster count
 E = Vault monster count
 F = Vault count percentage of total count
                 A         B        C        D         E       F
            +---------+---------+-------+---------+---------+-------
      Total |      71 |      58 |  45.0 |      34 |      12 |  26.1
            +---------+---------+-------+---------+---------+-------
        D:1 |      27 |       0 |   0.0 |      16 |       0 |   0.0
        D:2 |      44 |      58 |  56.9 |      18 |      12 |  40.0
            +---------+---------+-------+---------+---------+-------

Skill      XL: |  1  2  3  4 |
---------------+-------------+-----
Dodging        | 2 |  2.2
Axes           | 2 |  2.1
Shields        | 2 |  2.2
Fighting       | |  2.8
Throwing       | |  3.0
Stealth        | |  1.3
Evocations     | |  1.1

Action                     |  1- 3 |  4- 6 || total
---------------------------+-------+-------++-------
  Melee: Hand axe          |    48 |    36 ||    84
         Constrict         |    14 |     8 ||    22
         Tentacles         |     9 |    11 ||    20
         Punch             |       |     1 ||     1
  Throw: Dart              |     1 |       ||     1
    Use: Scroll            |     2 |       ||     2
   Stab: Sleeping          |     3 |     1 ||     4
 Armour: Skin              |     4 |     5 ||     9
  Dodge: Dodged            |    27 |    21 ||    48
  Block: Buckler           |     7 |    13 ||    20

Illustrated notes

Table legend:
 A = Kills in this place as a percentage of kills in the entire game.
 B = Kills by you in this place as a percentage of kills by you in the entire game.
 C = Kills by friends in this place as a percentage of kills by friends in the entire game.
 D = Other kills in this place as a percentage of other kills in the entire game.
 E = Experience gained in this place as a percentage of experience gained in the entire game.
 F = Experience gained in this place divided by the number of levels of this place that you have seen.
                   A       B       C       D       E      F
               +-------+-------+-------+-------+-------+----------------------
         Total | 100.0 | 100.0 |   N/A |   N/A | 100.0 |  64.5
       Dungeon | 100.0 | 100.0 |   N/A |   N/A | 100.0 |  64.5
               +-------+-------+-------+-------+-------+----------------------

Table legend: (Time is in decaauts)
 A = Elapsed time spent in this place.
 B = Non-inter-level travel time spent in this place.
 C = Inter-level travel time spent in this place.
 D = Time resting spent in this place.
 E = Time spent auto-exploring this place.
 F = Levels seen in this place.
 G = Mean time per level.
                   A        B        C        D        E       F      G
               +--------+--------+--------+--------+--------+-----+--------+
         Total |   1844 |   1787 |     57 |      0 |   1516 |   2 |  922.0 |
       Dungeon |   1844 |   1787 |     57 |      0 |   1516 |   2 |  922.0 |
               +--------+--------+--------+--------+--------+-----+--------+

Top non-repeatable levels by time:
     D:1: 1079 daAuts
     D:2: 765 daAuts
